 Dungeon Crawl Stone Soup version 0.22-a0-553-g9358b0b (webtiles) character file.

21 iamserjio the Insei (level 2, 4/26 HPs)
             Began as a Draconian Monk on June 25, 2018.
             Quit the game on level 3 of the Dungeon.
             The game lasted 00:02:14 (385 turns).

iamserjio the Insei (Draconian Monk)                 Turns: 385, Time: 00:02:16

Health: 4/26       AC:  4    Str: 13    XL:     2   Next: 65%
Magic:  2/2        EV: 13    Int: 10    God:
Gold:   10         SH:  0    Dex: 13    Spells: 1/1 levels left

rFire    . . .     SeeInvis .     - Unarmed
rCold    . . .     Gourm    .   (no shield)
rNeg     . . .     Faith    .   (armour unavailable)
rPois    .         Spirit   .   (helmet restricted)
rElec    .         Reflect  .   (no cloak)
rCorr    .         Harm     .   (no gloves)
MR       .....     Clarity  +   (no boots)
Stlth    ++........             (no amulet)
HPRegen  0.08/turn              (no ring)
MPRegen  0.08/turn              (no ring)

@: no status effects
A: unfitting armour, clarity, cold-blooded, AC +4
a: no special abilities


You were on level 3 of the Dungeon.
You were not hungry.

You visited 1 branch of the dungeon, and saw 4 of its levels.

You collected 10 gold pieces.

Inventory:

Missiles
 d - 38 stones (quivered)
Scrolls
 b - a scroll of remove curse {unknown}
 c - a scroll of magic mapping {unknown}
Comestibles
 a - 2 rations


   Skills:
 - Level 3.2 Fighting
 - Level 2.6 Dodging
 - Level 1.7 Stealth
 + Level 4.0 Unarmed Combat


You had one spell level left.
You didn't know any spells.
Your spell library was empty.

Dungeon Overview and Level Annotations

Branches:
Dungeon (4/15)
 Temple: D:4-7

Altars:
Wu Jian


Innate Abilities, Weirdness & Mutations

Your plain brown scales are hard. (AC +4)
You cannot fit into any form of body armour.
You are cold-blooded and may be slowed by cold attacks.
You possess an exceptional clarity of mind.


Message History

You are too injured to fight recklessly!
A gnoll comes into view. It is wielding a halberd.
The gnoll shouts!
You hear a shout!
A gnoll comes into view. It is wielding a flail of protection.
The worm bites you.
* * * LOW HITPOINT WARNING * * *
An adder comes into view.
The adder hisses angrily.
The adder barely misses you. The adder closely misses you.
You hit the adder.
You tail-slap the adder, but do no damage.
The adder is lightly wounded.
The adder barely misses you.
It was a potion of mutation.
You feel extremely strange.
Your feet thicken and deform.
Your hooves expand and flesh out into feet!
Your thoughts seem clearer.
The adder misses you. The adder completely misses you.
Are you sure you want to abandon this character and quit the game? (Confirm with "yes".)

.g ####...#รท.# #
#.# #...#..# #..
#...##.#
#.g####......# #
#.......#.####.#
#####..###.#.####.
#.........w...##..
#.#####..##.####.#
##.##.# #@#
#..#.####S#
##.g.g..g.#
#...###### ##..#
#..# #..# #..#
#..#


You could see a gnoll and an adder.

Vanquished Creatures
  An adder (D:3)
  A leopard gecko (D:2)
  A ball python (D:2)
  A bat (D:3)
  2 giant cockroaches
  A goblin (D:1)
  A hobgoblin (D:3)
  2 kobolds
10 creatures vanquished.

Notes
Turn   | Place    | Note
-------+----------+-------------------------------------------
     0 | D:1      | iamserjio the Draconian Monk began the quest for the Orb.
     0 | D:1      | Reached XP level 1. HP: 19/19 MP: 1/1
   145 | D:2      | Reached XP level 2. HP: 10/26 MP: 2/2
   240 | D:3      | Found an ornate altar of the Wu Jian Council.
   289 | D:3      | Reached skill level 4 in Unarmed Combat
   384 | D:3      | Gained mutation: You have large cloven feet. [potion of mutation]
   384 | D:3      | Lost mutation: You have large cloven feet. [potion of mutation]
   384 | D:3      | Gained mutation: You possess an exceptional clarity of mind. [potion of mutation]
   385 | D:3      | Quit the game

Vault maps used:
D:1:      dpeg_arrival_pits, minmay_misc_feat_enclosed, hangedman_decor_push,
          minmay_misc_feat_alley, minmay_tall_x
D:2:      overflow_temple_1_default
D:3:      lemuel_crystal_altar, first_ration, nicolae_qazlal_general_emergency
D:4:      minitemple, xom_teletrap_fun

Skill      XL: |  1  2 |
---------------+-------+-----
Unarmed Combat | 4 |  4.0
Fighting       | |  3.2
Dodging        | |  2.6
Stealth        | |  1.7

Action                   || total
-------------------------++-------
Melee: Unarmed           ||    52
       Tailslap          ||     8
  Use: Potion            ||     1
 Stab: Sleeping          ||     4
Armor: Skin              ||    14
Dodge: Dodged            ||    41

Table legend:
 A = Spawn XP
 B = Non-spawn XP
 C = Spawn XP percentage of total XP
 D = Spawn monster count
 E = Non-spawn monster count
 F = Spawn count percentage of total count
 G = Total turns spent on level
                    A         B        C        D         E        F      G
               +---------+---------+-------+---------+---------+-------+---------
         Total |       0 |      31 |   0.0 |       0 |      10 |   0.0 |   385
               +---------+---------+-------+---------+---------+-------+---------
           D:1 |       0 |       2 |   0.0 |       0 |       1 |   0.0 |    22
           D:2 |       0 |       9 |   0.0 |       0 |       4 |   0.0 |   158
           D:3 |       0 |      20 |   0.0 |       0 |       5 |   0.0 |   195
               +---------+---------+-------+---------+---------+-------+---------
